 Dungeon Crawl Stone Soup version 0.30-a0-439-g9e77e4d916 (webtiles) character file.

Game seed: 4380131883368640154

185 AigisTheKnight the Digger (level 5, -7/32 HPs)
             Began as a Gargoyle Earth Elementalist on Dec 11, 2022.
             Mangled by a gnoll
             ... wielding a +0 halberd
              (8 damage)
             ... on level 3 of the Dungeon.
             The game lasted 00:04:13 (2668 turns).

AigisTheKnight the Digger (GrEE)                    Turns: 2668, Time: 00:04:13

Health: -7/32      AC:  7    Str: 11    XL:     5   Next: 64%
Magic:  6/10       EV: 11    Int: 18    God:
Gold:   135        SH:  0    Dex: 10    Spells: 4/10 levels left

rFire   . . .      SeeInvis .    u - +0 whip (venom)
rCold   . . .      Faith    .    (no shield)
rNeg    + . .      Spirit   .    a - +0 robe
rPois   ∞          Reflect  .    (no helmet)
rElec   +          Harm     .    (no cloak)
rCorr   .          Rampage  .    i - +0 pair of gloves
Will    .....                    (no boots)
Stlth   ++........               (no amulet)
HPRegen 0.25/turn                s - +4 ring of slaying
MPRegen 0.12/turn                t - ring of wizardry

@: no status effects
A: sickness immunity, AC +4, negative energy resistance 1, electricity
resistance, torment resistance 1, petrification resistance
a: no special abilities


You were on level 3 of the Dungeon.
You visited 1 branch of the dungeon, and saw 3 of its levels.

You collected 135 gold pieces.

Inventory:

Hand Weapons
 u - a +0 whip of venom (weapon)
Armour
 a - a +0 robe (worn)
 i - a +0 pair of gloves (worn)
Magical Staves
 g - a staff of cold
Jewellery
 n - a ring of flight
 s - a +4 ring of slaying (left hand)
 t - a ring of wizardry (right hand)
Scrolls
 d - a scroll of butterflies {unknown}
 e - a scroll of magic mapping {unknown}
 h - a scroll of immolation {unknown}
 j - 3 scrolls of identify {unknown}
 k - a scroll of enchant armour {unknown}
 l - a scroll of summoning {unknown}
 m - a scroll of teleportation {unknown}
 q - 2 scrolls of poison {unknown}
Potions
 b - a potion of magic
 c - a potion of brilliance {unknown}
 f - a potion of mutation {unknown}
 o - a potion of degeneration {unknown}
 p - a potion of resistance {unknown}
 r - a potion of curing {unknown}


   Skills:
 + Level 3.1 Fighting
 - Level 1.5 Dodging
 - Level 2.1 Stealth
 + Level 3.3 Spellcasting
 - Level 0.7 Transmutations
 + Level 5.2 Earth Magic


You had 4 spell levels left.
You knew the following spells:

 Your Spells              Type           Power      Damage    Failure   Level
a - Sandblast             Erth           42%        2d11      1%          1
b - Stone Arrow           Conj/Erth      24%        3d8       6%          3
c - Passwall              Tmut/Erth      10%        N/A       2%          2

Your spell library contained the following spells:

 Spells                   Type           Power      Damage    Failure   Level
 Petrify                  Tmut/Erth      13%        N/A       19%         4


Dungeon Overview and Level Annotations

Branches:
Dungeon (3/15)

Altars:

Shops:
D:2 (


Innate Abilities, Weirdness & Mutations

You are immune to sickness and miasma.
Your stone body is resilient. (AC +4)
You are immune to poison.
You resist negative energy. (rN+)
You are resistant to electric shocks. (rElec)
You are resistant to unholy torment.
You are immune to petrification.


Message History

Casting: Sandblast (safe; 1% risk of failure)
Confirm with . or Enter, or press ? or * to list all spells.
Aiming: Sandblast (safe; 1% risk of failure)
Press: ? - help, Shift-Dir - straight line, f - gnoll
Aim: a gnoll, wielding a +0 halberd (85% to hit)
The blast of sand misses the gnoll.
The blast of sand hits the gnoll!
The gnoll is severely wounded.
The gnoll hits you from afar with a +0 halberd.
Unknown command.
Casting: Sandblast (safe; 1% risk of failure)
Confirm with . or Enter, or press ? or * to list all spells.
Aiming: Sandblast (safe; 1% risk of failure)
Press: ? - help, Shift-Dir - straight line, f/p - gnoll
Aim: a gnoll, wielding a +0 halberd (85% to hit)
The blast of sand hits the gnoll!
The gnoll is severely wounded.
The gnoll hits you from afar with a +0 halberd!
* * * LOW HITPOINT WARNING * * *
The gnoll hits you but does no damage.
Casting: Sandblast (safe; 1% risk of failure)
Confirm with . or Enter, or press ? or * to list all spells.
Okay, then.
Casting: Sandblast (safe; 1% risk of failure)
Confirm with . or Enter, or press ? or * to list all spells.
Aiming: Passwall (safe; 2% risk of failure)
Press: ? - help, Dir - move target A rock wall.
The gnoll completely misses you.
You begin to meditate on the wall.
You continue meditating on the rock.
The gnoll hits you with a +0 flail.
* * * LOW HITPOINT WARNING * * *
The gnoll hits you but does no damage.
You continue meditating on the rock.
The gnoll hits you with a +0 flail!
* * * LOW HITPOINT WARNING * * *
The gnoll barely misses you.
You continue meditating on the rock.
The gnoll barely misses you.
The gnoll hits you from afar with a +0 halberd!
You die...

.##o..#+#.....#
.##.#.#.#.....#
.##.###.#.....# ..
.##.#.........# ..
.†..#.###.....# .# ......#
#.....# .# ......#
#.....######.#
......###.....##.gg#.#
......##......##@#.#.######
......##...)).##.#.ggg.....
......##.....)##.####.g....
.....###.####.......# g....
..######.####....##.# ....
#...........+ # ...
#...........# ..
#.......$...# .
#..............


You could see 2 gnolls.

Vanquished Creatures
  A jelly (D:2)
  An orc priest (D:3)
  4 gnolls
  3 adders (D:2)
  A dart slug (D:3)
  4 orcs (D:3)
  3 endoplasms
  2 giant cockroaches
  4 hobgoblins
  4 jackals (D:2)
  5 quokkas
  4 ball pythons
  4 bats
  2 frilled lizards
  3 goblins
  3 kobolds
  A rat (D:3)
49 creatures vanquished.

Notes
Turn   | Place    | Note
-------+----------+-------------------------------------------
     0 | D:1      | AigisTheKnight the Gargoyle Earth Elementalist began the
                  | quest for the Orb.
     0 | D:1      | Reached XP level 1. HP: 10/10 MP: 3/3
   350 | D:1      | Reached XP level 2. HP: 16/16 MP: 1/5
   582 | D:1      | Reached skill level 1 in Fighting
   981 | D:2      | Reached skill level 4 in Earth Magic
  1080 | D:2      | Reached XP level 3. HP: 20/20 MP: 2/6
  1373 | D:2      | Reached XP level 4. HP: 26/26 MP: 0/8
  1614 | D:2      | Found Wutezid's Weapon Emporium.
  1703 | D:2      | Reached XP level 5. HP: 31/31 MP: 4/9
  2309 | D:1      | Learned a level 3 spell: Stone Arrow
  2312 | D:1      | Learned a level 2 spell: Passwall
  2484 | D:3      | Reached skill level 5 in Earth Magic
  2667 | D:3      | HP: 1/32 [gnoll/+0 flail (7)]
  2668 | D:3      | Mangled by a gnoll

Illustrated notes

Levels and vault maps discovered:
D:1:      minmay_arrival_open_corners, layout_loops_ring, due_unseen_surprise
D:2:      layout_basic, serial_shops, nicolae_shop_bloodbath_and_beyond,
          kennysheep_pointless_box, serial_park_tiny_1, grunt_ministairs_2
D:3:      kennysheep_the_goblin_king, layout_basic

Skill      XL: |  1  2  3  4  5 |
---------------+----------------+-----
Fighting       | 1 2 3 |  3.1
Earth Magic    | 4 5 |  5.2
Spellcasting   | 3 |  3.3
Dodging        | |  1.5
Stealth        | |  2.1
Transmutations | |  0.7

Action                   |  1- 3 |  4- 6 || total
-------------------------+-------+-------++-------
 Cast: Sandblast         |    41 |    32 ||    73
       Passwall          |       |     6 ||     6
Armor: Robe              |    11 |    14 ||    25
Dodge: Dodged            |    12 |    16 ||    28

Table legend: (Time is in decaauts)
 A = Elapsed time spent in this place.
 B = Non-inter-level travel time spent in this place.
 C = Inter-level travel time spent in this place.
 D = Time resting spent in this place.
 E = Time spent auto-exploring this place.
 F = Levels seen in this place.
 G = Mean time per level.
                   A        B        C        D        E       F      G
               +--------+--------+--------+--------+--------+-----+--------+
         Total |   2703 |   2413 |    290 |      3 |   2071 |   3 |  901.0 |
       Dungeon |   2703 |   2413 |    290 |      3 |   2071 |   3 |  901.0 |
               +--------+--------+--------+--------+--------+-----+--------+

Top non-repeatable levels by time:
     D:2: 1350 daAuts
     D:1: 1099 daAuts
     D:3: 253 daAuts
